[Event "Bundesliga"]
[Site "Remagen"]
[Date "2009.03.28"]
[Round "13.7"]
[White "Reich"]
[Black "Jeitz"]
[Result "1/2-1/2"]
[ECO "D94"]
[WhiteElo "2425"]
[BlackElo "2226"]
[PlyCount "234"]
[EventDate "2009.??.??"]
[WhiteTeam "BAY"]
[BlackTeam "Trinidad und Tobago"]
[BlackTeamCountry "TRI"]
[TimeControl "40/7200:20/3600:1800"]

1. d4 Nf6 2. c4 g6 3. Nc3 d5 4. Nf3 Bg7 5. cxd5 Nxd5 6. e3 O-O 7. Bc4 Nb6 8.
Bb3 Nc6 9. O-O e5 10. d5 Na5 11. e4 Bg4 12. h3 Bxf3 13. Qxf3 Nxb3 14. axb3 Qd7
15. Be3 Nc8 16. Qe2 Nd6 17. Bc5 a6 18. b4 f5 19. b5 axb5 20. Bxd6 Qxd6 21. Qxb5
Rad8 22. Ra7 fxe4 23. Nxe4 Qxd5 24. Qxd5+ Rxd5 25. Rxb7 Rd4 26. Re1 Rc4 27. Re2
h6 28. g3 Rd8 29. b3 Rc1+ 30. Kg2 Rd4 31. Re3 Rc6 32. Rc3 Rb6 33. Rxb6 cxb6 34.
f3 g5 35. Rc4 Kf7 36. Kf2 Rxc4 37. bxc4 Ke6 38. Ke3 Bf8 39. g4 Bb4 40. Ng3 Bc5+
41. Ke4 Bb4 42. Nf5 Bf8 43. Ke3 Kf6 44. Kd3 Kf7 45. Ne3 Bc5 46. Nd5 Ke6 47. Ke4
Bf2 48. Nc7+ Kd7 49. Nd5 Ke6 50. Nb4 Bc5 51. Nd3 Bd6 52. Ke3 Be7 53. Kd2 Bd6
54. Kc3 Kd7 55. Nf2 Be7 56. Ne4 Ke6 57. Kd3 Bb4 58. Ng3 Kf7 59. Nf5 Bf8 60. h4
gxh4 61. Nxh4 Be7 62. Nf5 Bf8 63. Ke3 Kf6 64. Ng3 Bc5+ 65. Kd3 Kf7 66. Ne4 Be7
67. Nc3 Bc5 68. Ke4 Ke6 69. Na4 Bf2 70. Nb2 Bc5 71. Nd3 Bd6 72. Ke3 Kf6 73. Ke4
Ke6 74. Nc1 Ba3 75. Na2 Bd6 76. Nc3 Bc5 77. Nd5 Bf2 78. Nc7+ Kd7 79. Nb5 Ke6
80. Na7 Kd6 81. Kd3 Ke6 82. Nb5 Bc5 83. Nc3 Kf7 84. Na4 Bf2 85. Kc3 Ke6 86. Kb4
Kd6 87. Kb5 Kc7 88. Nc3 Bc5 89. Nd5+ Kb7 90. Nf6 Kc7 91. Ne8+ Kb7 92. Ng7 Bf8
93. Nf5 Kc7 94. Ne3 Bc5 95. Nd5+ Kb7 96. Nc3 Kc7 97. Ne2 Bf8 98. Nc1 Bc5 99.
Nd3 Bd6 100. c5 bxc5 101. Nxc5 Be7 102. Kc4 Kd6 103. Ne4+ Ke6 104. Nc3 Bd6 105.
Kd3 Bb4 106. Ne2 Kd5 107. Ng3 Be7 108. Ne4 Ke6 109. Nc3 Bb4 110. Na4 Kd5 111.
Nb6+ Ke6 112. Ke4 Bd2 113. Nc4 Bf4 114. Nb2 Bg3 115. Nd3 Bh2 116. Nb4 Bf4 117.
Nc6 Bh2 1/2-1/2

[Event "Bundesliga"]
[Site "Remagen"]
[Date "2009.03.28"]
[Round "13.5"]
[White "Renner"]
[Black "Kolbus"]
[Result "1-0"]
[ECO "E61"]
[WhiteElo "2431"]
[BlackElo "2393"]
[PlyCount "141"]
[EventDate "2009.??.??"]
[WhiteTeam "BAY"]
[BlackTeam "Trinidad und Tobago"]
[BlackTeamCountry "TRI"]
[TimeControl "40/7200:20/3600:1800"]

1. d4 Nf6 2. Nf3 g6 3. c4 Bg7 4. e3 c5 5. d5 d6 6. Nc3 O-O 7. Be2 e6 8. O-O
exd5 9. cxd5 Re8 10. Nd2 Na6 11. Nc4 Nc7 12. a4 b6 13. Ra2 Rb8 14. f3 Ba6 15.
e4 Bxc4 16. Bxc4 a6 17. Qe2 Qc8 18. Bf4 Bf8 19. Bg5 Nd7 20. Qd2 b5 21. Be2 Bg7
22. Rc1 Qb7 23. axb5 axb5 24. Rca1 b4 25. Nd1 Ra8 26. Ne3 Rxa2 27. Rxa2 Ra8 28.
Rxa8+ Qxa8 29. Nc4 Bd4+ 30. Kf1 Ne8 31. Bf4 Ne5 32. Bxe5 dxe5 33. g3 Qd8 34. b3
Nd6 35. Qa2 Nxc4 36. Bxc4 Qf6 37. Kg2 Kg7 38. h4 g5 39. hxg5 Qxg5 40. d6 Qd8
41. Qa6 Qg5 42. d7 Be3 43. Qa1 Bd4 44. Qf1 Qd2+ 45. Qe2 Qg5 46. Qd3 Kf8 47. Qc2
Qd8 48. Bb5 Qg5 49. Qa2 Kg7 50. Be2 Be3 51. Bc4 Bd4 52. Bf1 Qd8 53. Qa4 Qg5 54.
Qa6 Be3 55. Qd3 Bd4 56. Kh2 Kf8 57. Bh3 Ke7 58. Bf5 Qh6+ 59. Kg2 Qc6 60. Qd2 h6
61. Qa2 Qb6 62. Qa8 Qd8 63. Qc6 Qh8 64. Kh3 Be3 65. Qc7 Qd8 66. Qxe5+ Kf8 67.
Qd6+ Kg7 68. f4 Bd4 69. e5 h5 70. Bd3 Bc3 71. Qd5 1-0

[Event "Bundesliga"]
[Site "Remagen"]
[Date "2009.03.28"]
[Round "13.3"]
[White "Belezky"]
[Black "Cyborowsk"]
[Result "1/2-1/2"]
[ECO "A05"]
[WhiteElo "2466"]
[BlackElo "2546"]
[PlyCount "42"]
[EventDate "2009.??.??"]
[WhiteTeam "BAY"]
[BlackTeam "Trinidad und Tobago"]
[BlackTeamCountry "TRI"]
[TimeControl "40/7200:20/3600:1800"]

1. Nf3 Nf6 2. g3 g6 3. b4 Bg7 4. Bb2 b6 5. Bg2 Bb7 6. c4 c5 7. bxc5 bxc5 8. O-O
O-O 9. d3 d6 10. Nbd2 Nbd7 11. Rb1 Qc7 12. Qc2 Rab8 13. Bc3 Bc6 14. Rxb8 Rxb8
15. Rb1 Ng4 16. Bxg7 Kxg7 17. Ne1 Ngf6 18. Bxc6 Qxc6 19. Rxb8 Nxb8 20. Qb3 Qb6
21. Nc2 Nc6 1/2-1/2

[Event "Bundesliga"]
[Site "Remagen"]
[Date "2009.03.28"]
[Round "13.1"]
[White "Marcelin"]
[Black "Parligras"]
[Result "0-1"]
[ECO "B51"]
[WhiteElo "2494"]
[BlackElo "2588"]
[PlyCount "88"]
[EventDate "2009.??.??"]
[WhiteTeam "BAY"]
[BlackTeam "Trinidad und Tobago"]
[BlackTeamCountry "TRI"]
[TimeControl "40/7200:20/3600:1800"]

1. e4 c5 2. Nf3 Nc6 3. Bb5 d6 4. O-O Bd7 5. Re1 Nf6 6. c3 a6 7. Bf1 Bg4 8. d3
e6 9. Nbd2 Be7 10. h3 Bh5 11. g4 Bg6 12. Nh4 Nd7 13. Ng2 O-O 14. f4 f5 15. Qf3
Nb6 16. exf5 exf5 17. Nc4 Nxc4 18. dxc4 fxg4 19. hxg4 Qd7 20. Qg3 d5 21. cxd5
Qxd5 22. f5 Bf7 23. Bf4 c4 24. Ne3 Qc5 25. g5 Rad8 26. Rad1 Rxd1 27. Rxd1 Qb6
28. Kh1 Qxb2 29. f6 Bc5 30. Nf5 Qc2 31. fxg7 Qxd1 32. gxf8=Q+ Kxf8 33. Qh3 Bd5+
34. Kh2 Qc2+ 35. Bg2 Qxg2+ 36. Qxg2 Bxg2 37. Kxg2 Ne7 38. Nxe7 Kxe7 39. Kf3 Ke6
40. Ke4 b5 41. Bc7 Ba3 42. Bf4 Bb2 43. Kd4 Kf5 44. Bd2 b4 0-1

[Event "Bundesliga"]
[Site "Baden-Baden"]
[Date "2009.03.28"]
[Round "14.8"]
[White "Schlosser"]
[Black "Edouard"]
[Result "1/2-1/2"]
[ECO "D27"]
[WhiteElo "2567"]
[BlackElo "2531"]
[PlyCount "65"]
[EventDate "2009.??.??"]
[WhiteTeam "BAD"]
[BlackTeam "SOL"]
[TimeControl "40/7200:20/3600:1800"]

1. d4 d5 2. c4 dxc4 3. e3 Nf6 4. Bxc4 e6 5. Nf3 c5 6. O-O a6 7. Bb3 b5 8. a4 b4
9. e4 cxd4 10. e5 Ne4 11. Nxd4 Bb7 12. Be3 Nc5 13. Bc4 Nbd7 14. f4 Nb6 15. Nd2
Be4 16. f5 Nxc4 17. Nxc4 exf5 18. Nxf5 Qxd1 19. Raxd1 Bxf5 20. Rxf5 Ne6 21. Bb6
Rb8 22. a5 Rb7 23. Rf3 Be7 24. Nd6+ Bxd6 25. exd6 f6 26. Rb3 Kd7 27. Rxb4 Rc8
28. Rh4 h6 29. b4 Rc6 30. b5 axb5 31. Rb4 Rcxb6 32. axb6 Rxb6 33. Kf2 1/2-1/2

[Event "Bundesliga"]
[Site "Baden-Baden"]
[Date "2009.03.28"]
[Round "14.6"]
[White "Nielsen"]
[Black "Ernst"]
[Result "1-0"]
[ECO "D20"]
[WhiteElo "2662"]
[BlackElo "2576"]
[PlyCount "77"]
[EventDate "2009.??.??"]
[WhiteTeam "BAD"]
[BlackTeam "SOL"]
[TimeControl "40/7200:20/3600:1800"]

1. d4 d5 2. c4 dxc4 3. e4 Nc6 4. Nf3 Bg4 5. d5 Ne5 6. Nbd2 e6 7. Qa4+ Qd7 8.
Qxd7+ Nxd7 9. dxe6 Bxe6 10. Nd4 Bb4 11. Nxe6 fxe6 12. Bxc4 Ne5 13. Be2 Nf6 14.
a3 Bc5 15. f4 Nc6 16. Bb5 O-O-O 17. Bxc6 bxc6 18. Ke2 Bb6 19. e5 Nd5 20. Nf3 h6
21. Bd2 Kb7 22. Rac1 a5 23. Rc4 Ne7 24. Rhc1 Rd5 25. a4 Rd7 26. b4 axb4 27.
Bxb4 Nd5 28. a5 Ba7 29. g3 g5 30. fxg5 hxg5 31. Rb1 Ka8 32. Bd2 Rf7 33. Bxg5
Rg8 34. h4 Rgf8 35. Rb3 Ne3 36. Bxe3 Rxf3 37. Rxc6 Rxg3 38. Ra6 c5 39. Rxa7+
1-0

[Event "Bundesliga"]
[Site "Baden-Baden"]
[Date "2009.03.28"]
[Round "14.4"]
[White "Movsesian"]
[Black "Naumann"]
[Result "1-0"]
[ECO "C43"]
[WhiteElo "2732"]
[BlackElo "2518"]
[PlyCount "77"]
[EventDate "2009.??.??"]
[WhiteTeam "BAD"]
[BlackTeam "SOL"]
[TimeControl "40/7200:20/3600:1800"]

1. e4 e5 2. Nf3 Nf6 3. d4 Nxe4 4. Bd3 d5 5. dxe5 Nc6 6. O-O Bg4 7. Bf4 Bc5 8.
Nc3 Nxc3 9. bxc3 Qd7 10. h3 Bh5 11. Re1 O-O-O 12. a4 Bb6 13. Qe2 Na5 14. Be3
Kb8 15. Bxb6 axb6 16. Qe3 Bxf3 17. Qxf3 g6 18. Bb5 Qe6 19. Qf4 Rhf8 20. Rad1 f6
21. exf6 Qxf6 22. Qxf6 Rxf6 23. Re7 h6 24. Rde1 g5 25. f3 Rfd6 26. Rh7 Nc6 27.
Bd3 Rf8 28. Kh2 Nd8 29. Ree7 Rc6 30. Rd7 Rxc3 31. Rxh6 Nc6 32. Rxd5 Nb4 33.
Rxg5 Nxc2 34. Be4 Ne3 35. h4 Ra3 36. Rhg6 Rxa4 37. Rg8 Rxg8 38. Rxg8+ Ka7 39.
h5 1-0

[Event "Bundesliga"]
[Site "Baden-Baden"]
[Date "2009.03.28"]
[Round "14.2"]
[White "Svidler"]
[Black "Nikolic"]
[Result "1-0"]
[ECO "C07"]
[WhiteElo "2727"]
[BlackElo "2669"]
[PlyCount "71"]
[EventDate "2009.??.??"]
[WhiteTeam "BAD"]
[BlackTeam "SOL"]
[TimeControl "40/7200:20/3600:1800"]

1. e4 e6 2. d4 d5 3. Nd2 a6 4. Ngf3 c5 5. dxc5 Bxc5 6. Bd3 Ne7 7. O-O Nbc6 8.
a3 a5 9. Re1 O-O 10. exd5 Nxd5 11. Ne4 Be7 12. c4 Nf6 13. Qc2 h6 14. Bf4 Nh5
15. Be3 Qc7 16. Nc3 Bd7 17. Rad1 Nf6 18. Qd2 Ne5 19. Nxe5 Qxe5 20. Bxh6 Qh5 21.
Bf4 Bc6 22. Re5 Qh8 23. Re3 g6 24. Rh3 Nh7 25. Qe2 Bf6 26. Ne4 Bxe4 27. Bxe4
Bxb2 28. Bd6 Rfe8 29. c5 Ra7 30. Rb3 Be5 31. Bxg6 Bxd6 32. Bxh7+ Qxh7 33. cxd6
Rd8 34. Rh3 Qf5 35. Qe3 Rxd6 36. Qg3+ 1-0

[Event "Bundesliga"]
[Site "Muelheim"]
[Date "2009.03.28"]
[Round "13.6"]
[White "Saltaev"]
[Black "Pähtz"]
[Result "1/2-1/2"]
[ECO "C02"]
[WhiteElo "2484"]
[BlackElo "2471"]
[PlyCount "95"]
[EventDate "2009.??.??"]
[BlackTeam "KRZ"]
[TimeControl "40/7200:20/3600:1800"]

1. e4 e6 2. d4 d5 3. e5 c5 4. c3 Nc6 5. Nf3 Qb6 6. Be2 Nh6 7. Bxh6 gxh6 8. Qd2
Bd7 9. O-O Bg7 10. Na3 O-O 11. Nc2 cxd4 12. cxd4 f6 13. exf6 Rxf6 14. b4 a6 15.
a4 Rff8 16. Rab1 Ne7 17. a5 Qd6 18. g3 Rac8 19. Ne3 Bb5 20. Bxb5 Rxf3 21. Be2
Rff8 22. b5 axb5 23. Rxb5 Rc7 24. Rfb1 Nc6 25. Rxb7 Nxd4 26. a6 Ra8 27. Kg2
Rxb7 28. axb7 Rb8 29. Bd3 Qc6 30. Qa2 h5 31. Qa7 Qc7 32. Ba6 Be5 33. f4 Nf5 34.
Nxf5 Qc2+ 35. Qf2 Qxb1 36. Ne7+ Kf7 37. fxe5+ Kxe7 38. Qf6+ Kd7 39. Qf7+ Kc6
40. Qxe6+ Kc5 41. Qd6+ Kd4 42. Qxb8 Kc5 43. Qd6+ Kd4 44. Qb8 Qe4+ 45. Kf2 Qe3+
46. Kf1 Qf3+ 47. Kg1 Qe3+ 48. Kg2 1/2-1/2

[Event "Bundesliga"]
[Site "Muelheim"]
[Date "2009.03.28"]
[Round "13.5"]
[White "Richter"]
[Black "Hausrath"]
[Result "0-1"]
[ECO "A50"]
[WhiteElo "2421"]
[BlackElo "2493"]
[PlyCount "66"]
[EventDate "2009.??.??"]
[WhiteTeam "KRZ"]
[TimeControl "40/7200:20/3600:1800"]

1. d4 Nf6 2. c4 Nc6 3. Nc3 e5 4. d5 Ne7 5. h4 Neg8 6. Nf3 Ng4 7. e3 Bb4 8. Ng5
f5 9. Bd3 Bxc3+ 10. bxc3 d6 11. Rb1 N8h6 12. c5 O-O 13. cxd6 cxd6 14. Qb3 Qe7
15. Be2 e4 16. c4 b6 17. Ba3 f4 18. exf4 e3 19. fxe3 Nxe3 20. g3 Nhf5 21. Kf2
h6 22. Ne6 Bxe6 23. dxe6 Qxe6 24. Bf3 Rae8 25. Rbe1 Qg6 26. Rhg1 Nd4 27. h5 Qf5
28. Qb1 Nec2 29. Bd5+ Kh8 30. Bxd6 Nxe1 31. Rxe1 Re2+ 32. Kg1 Rfe8 33. Rd1 Qh3
0-1

[Event "Bundesliga"]
[Site "Muelheim"]
[Date "2009.03.28"]
[Round "13.8"]
[White "Reiter"]
[Black "Heinig"]
[Result "0-1"]
[ECO "A48"]
[WhiteElo "1983"]
[BlackElo "2328"]
[PlyCount "100"]
[EventDate "2009.??.??"]
[BlackTeam "KRZ"]
[TimeControl "40/7200:20/3600:1800"]

1. d4 Nf6 2. Nf3 g6 3. Bf4 Bg7 4. c3 d6 5. h3 O-O 6. e3 b6 7. Bc4 Bb7 8. O-O
Nbd7 9. Nbd2 e6 10. Re1 h6 11. e4 e5 12. Bh2 Qe7 13. Qc2 Kh8 14. Rad1 Rae8 15.
dxe5 dxe5 16. Nf1 Nh5 17. Ne3 c6 18. Bf1 b5 19. a4 a6 20. axb5 axb5 21. b4 Nb6
22. Rd2 Rd8 23. Red1 Nf4 24. Bg3 Bc8 25. Qa2 Be6 26. Qa6 Rxd2 27. Rxd2 Qc7 28.
Qa1 Rd8 29. Qd1 Rxd2 30. Nxd2 Qd6 31. Qc2 Kg8 32. f3 h5 33. Bf2 Na4 34. Kh2 Bd7
35. Nb3 Bf6 36. Nd1 h4 37. Nc5 Nxc5 38. Bxc5 Qe6 39. c4 bxc4 40. Bxc4 Qe8 41.
Ne3 Bg5 42. Ng4 Bxg4 43. hxg4 Ne6 44. Bxe6 Qxe6 45. Bf2 Qd6 46. Qc3 Bd2 47. Qb2
g5 48. b5 cxb5 49. Qxb5 Bf4+ 50. Kg1 Qd1+ 0-1

[Event "Bundesliga"]
[Site "Muelheim"]
[Date "2009.03.28"]
[Round "13.1"]
[White "Luther"]
[Black "Landa"]
[Result "1/2-1/2"]
[ECO "C42"]
[WhiteElo "2532"]
[BlackElo "2613"]
[PlyCount "114"]
[EventDate "2009.??.??"]
[WhiteTeam "KRZ"]
[TimeControl "40/7200:20/3600:1800"]

1. e4 e5 2. Nf3 Nf6 3. Nxe5 d6 4. Nf3 Nxe4 5. d3 Nf6 6. d4 Be7 7. h3 Bf5 8. Bd3
Bxd3 9. Qxd3 c6 10. O-O O-O 11. Bg5 Nbd7 12. Nbd2 Re8 13. Rfe1 Qb6 14. Nc4 Qa6
15. Qb3 Bf8 16. Rxe8 Rxe8 17. Bxf6 Nxf6 18. Ng5 d5 19. Ne5 Re7 20. Re1 Qb6 21.
Qxb6 axb6 22. a4 Ne8 23. Ngf3 Nd6 24. Kf1 f6 25. Nd3 Ne4 26. b3 Kf7 27. c4 dxc4
28. bxc4 Nc3 29. Nb2 Rxe1+ 30. Nxe1 Ba3 31. Ned3 b5 32. axb5 cxb5 33. Ke1 Bxb2
34. Nxb2 bxc4 35. Nxc4 Ke6 36. Kd2 Nd5 37. g3 g5 38. Kd3 h5 39. Na5 b6 40. Nc4
b5 41. Na3 Nc7 42. Nc2 Nd5 43. Na3 b4 44. Nb1 Nb6 45. Nd2 f5 46. Nf3 g4 47.
hxg4 hxg4 48. Nh4 Nc8 49. Kc4 Nd6+ 50. Kxb4 Kd5 51. Kc3 Ke4 52. Kd2 Kxd4 53.
Ke2 Ke4 54. f3+ gxf3+ 55. Nxf3 Nb5 56. Nd2+ Ke5 57. Ke3 Nc7 1/2-1/2

[Event "Bundesliga"]
[Site "Muelheim"]
[Date "2009.03.28"]
[Round "13.7"]
[White "Kalinitschew"]
[Black "Schebler"]
[Result "1/2-1/2"]
[ECO "E11"]
[WhiteElo "2492"]
[BlackElo "2467"]
[PlyCount "143"]
[EventDate "2009.??.??"]
[WhiteTeam "KRZ"]
[TimeControl "40/7200:20/3600:1800"]

1. d4 e6 2. c4 Bb4+ 3. Bd2 Bxd2+ 4. Qxd2 Nf6 5. Nc3 d5 6. e3 O-O 7. Nf3 Nbd7 8.
cxd5 exd5 9. Bd3 Qe7 10. Qc2 c6 11. O-O Re8 12. Rab1 Nf8 13. b4 a6 14. a4 Bd7
15. b5 axb5 16. axb5 c5 17. dxc5 Qxc5 18. Rfc1 Rec8 19. Qd2 Qe7 20. Bf1 Be6 21.
Nd4 N8d7 22. f3 Nb6 23. Nd1 Qa3 24. Rc2 Rxc2 25. Nxc2 Qc5 26. Nd4 Qd6 27. Rc1
Nfd7 28. Qc3 Rc8 29. Qb2 Nc4 30. Bxc4 Ra8 31. Bf1 Rc8 32. Bc4 dxc4 33. Nf2 Nb6
34. Ne4 Qe7 35. Qe2 Bd7 36. Nc3 Qe5 37. f4 Qc5 38. Qf3 Re8 39. Rd1 h6 40. h3
Bc8 41. Kh2 Qe7 42. e4 f6 43. Qg3 Qc7 44. f5 Qxg3+ 45. Kxg3 Kf7 46. Kf4 Rd8 47.
g4 g6 48. fxg6+ Kxg6 49. Nf5 Rxd1 50. Nxd1 h5 51. Ne7+ Kf7 52. Nxc8 Nxc8 53.
gxh5 Nd6 54. Nc3 Kg7 55. Ke3 Kh6 56. Kd4 Kxh5 57. Kd5 Nf7 58. Kxc4 f5 59. Kd5
fxe4 60. Nxe4 Kh4 61. Nc5 Nd8 62. b6 Kxh3 63. Kd6 Nf7+ 64. Ke6 Nd8+ 65. Kd7 Nc6
66. Kd6 Na5 67. Kd5 Kg4 68. Ne6 Kf5 69. Nd4+ Kf6 70. Nb5 Ke7 71. Nd4 Kd7 72.
Ke4 1/2-1/2

[Event "Bundesliga"]
[Site "Muelheim"]
[Date "2009.03.28"]
[Round "13.2"]
[White "Fridman"]
[Black "Shengelia"]
[Result "1/2-1/2"]
[ECO "D30"]
[WhiteElo "2630"]
[BlackElo "2547"]
[PlyCount "91"]
[EventDate "2009.??.??"]
[BlackTeam "KRZ"]
[TimeControl "40/7200:20/3600:1800"]

1. d4 d5 2. c4 e6 3. Nf3 Bb4+ 4. Bd2 Bxd2+ 5. Qxd2 c6 6. Nc3 dxc4 7. a4 Qa5 8.
Ne5 b5 9. Ra2 Qb4 10. g3 f6 11. Ng4 a6 12. Bg2 Ra7 13. axb5 cxb5 14. Qf4 Nd7
15. Qe3 Kf7 16. O-O Ne7 17. d5 Nc5 18. Ne4 Nxe4 19. Qxa7 exd5 20. Ne3 Rd8 21.
Rd1 Rd7 22. Qd4 a5 23. Bh3 c3 24. Qxb4 axb4 25. Bxd7 Bxd7 26. Ra7 Ke6 27. Nc2
Nc6 28. Ra6 cxb2 29. Rb1 Kd6 30. Rxb2 Kc5 31. Ne1 Kc4 32. Nd3 b3 33. Ra3 Nd4
34. Ra7 Nxe2+ 35. Rxe2 Kxd3 36. Re3+ Kc4 37. Rc7+ Nc5 38. Rxb3 Kxb3 39. Rxc5 b4
40. Kf1 Ka2 41. Ra5+ Kb2 42. Ke2 Kc3 43. Rxd5 Be6 44. Rd3+ Kc2 45. Rd2+ Kc3 46.
Rd3+ 1/2-1/2

[Event "Bundesliga"]
[Site "Muelheim"]
[Date "2009.03.28"]
[Round "13.3"]
[White "Figura"]
[Black "Levin"]
[Result "1/2-1/2"]
[ECO "D27"]
[WhiteElo "2412"]
[BlackElo "2536"]
[PlyCount "105"]
[EventDate "2009.??.??"]
[WhiteTeam "KRZ"]
[TimeControl "40/7200:20/3600:1800"]

1. d4 d5 2. c4 dxc4 3. Nf3 Nf6 4. e3 e6 5. Bxc4 c5 6. O-O a6 7. Bb3 Be7 8. Qe2
cxd4 9. exd4 Nc6 10. Rd1 O-O 11. Nc3 Na5 12. Bc2 b5 13. Bg5 Bb7 14. Ne5 Nd5 15.
Bxe7 Qxe7 16. Ne4 Nc6 17. Rac1 Rac8 18. a3 f5 19. Nxc6 Rxc6 20. Nc5 Ba8 21. Qe5
Qd6 22. Bb3 Qxe5 23. dxe5 Nf4 24. Rc2 Rfc8 25. Nxe6 Rxc2 26. Nxf4+ R8c4 27. h4
Bc6 28. Bxc4+ bxc4 29. Rd8+ Kf7 30. Rc8 Bb5 31. Rc7+ Ke8 32. Ne6 g6 33. Ng7+
Kd8 34. Ne6+ Ke8 35. Rxh7 Rxb2 36. Rc7 Re2 37. Ng7+ Kd8 38. Ne6+ Ke8 39. f4 Re3
40. Ng7+ Kd8 41. Ne6+ Ke8 42. a4 Bxa4 43. Rxc4 Bb3 44. Rc6 a5 45. Nd4 a4 46.
Rxg6 Re4 47. Nxb3 axb3 48. Rb6 Rxf4 49. Rxb3 Rxh4 50. Kf2 Ke7 51. Kf3 Ke6 52.
g3 Re4 53. Re3 1/2-1/2

[Event "Bundesliga"]
[Site "Muelheim"]
[Date "2009.03.28"]
[Round "13.4"]
[White "Berelovich"]
[Black "Schilow"]
[Result "1-0"]
[ECO "C10"]
[WhiteElo "2576"]
[BlackElo "2410"]
[PlyCount "65"]
[EventDate "2009.??.??"]
[BlackTeam "KRZ"]
[TimeControl "40/7200:20/3600:1800"]

1. e4 e6 2. d4 d5 3. Nd2 dxe4 4. Nxe4 Nd7 5. Nf3 Ngf6 6. Nxf6+ Nxf6 7. Bd3 c5
8. dxc5 Bxc5 9. Qe2 O-O 10. Bg5 h6 11. Bd2 e5 12. O-O-O e4 13. Bxe4 Qe7 14.
Rhe1 Qxe4 15. Qxe4 Nxe4 16. Rxe4 Bxf2 17. Bb4 Bf5 18. Re5 g6 19. Bxf8 Kxf8 20.
Nd4 Bg4 21. Rd2 Bg1 22. h3 Bh2 23. Re1 Bd7 24. Kd1 Bc7 25. Rd3 Bb6 26. b3 Be8
27. c4 Rc8 28. Kc2 Bd8 29. Rf3 Bb6 30. Kc3 a5 31. Re5 h5 32. Rf6 Bd8 33. Ne6+
1-0

[Event "Bundesliga Remagen"]
[Site "Remagen"]
[Date "2009.03.29"]
[Round "15.7"]
[White "Jeitz"]
[Black "Bromberger"]
[Result "1/2-1/2"]
[ECO "B31"]
[WhiteElo "2226"]
[BlackElo "2490"]
[PlyCount "70"]
[EventDate "2009.??.??"]
[WhiteTeam "Trinidad and Tobago"]
[BlackTeam "TGS"]
[WhiteTeamCountry "TRI"]
[TimeControl "40/6000+30:20/3000+30:0"]

1. e4 c5 2. Nf3 Nc6 3. Bb5 Nf6 4. Nc3 g6 5. O-O Bg7 6. e5 Ng4 7. Bxc6 dxc6 8.
Re1 O-O 9. d3 f6 10. Ne4 b6 11. exf6 exf6 12. h3 Nh6 13. a4 a5 14. c3 Nf7 15.
d4 Re8 16. Bf4 c4 17. Ned2 Be6 18. b3 cxb3 19. c4 g5 20. Bh2 f5 21. Qxb3 g4 22.
hxg4 fxg4 23. Rxe6 Rxe6 24. c5 gxf3 25. Qxe6 Qxd4 26. Nb3 Qd8 27. Rc1 bxc5 28.
Qxc6 fxg2 29. Qxg2 Ra6 30. Nxc5 Rg6 31. Bg3 h5 32. Qe4 Qg5 33. Rc4 Nd6 34. Qa8+
Kh7 35. Ne4 Qe7 1/2-1/2

[Event "Bundesliga Remagen"]
[Site "Remagen"]
[Date "2009.03.29"]
[Round "15.5"]
[White "Kolbus"]
[Black "Teske"]
[Result "1/2-1/2"]
[ECO "D41"]
[WhiteElo "2393"]
[BlackElo "2504"]
[PlyCount "28"]
[EventDate "2009.??.??"]
[WhiteTeam "Trinidad and Tobago"]
[BlackTeam "TGS"]
[WhiteTeamCountry "TRI"]
[TimeControl "40/6000+30:20/3000+30:0"]

1. c4 Nf6 2. Nc3 d5 3. cxd5 Nxd5 4. Nf3 e6 5. g3 c5 6. Bg2 Nc6 7. O-O Be7 8.
Nxd5 exd5 9. d4 O-O 10. dxc5 Bxc5 11. b3 Qf6 12. Rb1 Bf5 13. Bb2 Qe7 14. Rc1
Be4 1/2-1/2

[Event "Bundesliga Remagen"]
[Site "Remagen"]
[Date "2009.03.29"]
[Round "15.3"]
[White "Cyborowski"]
[Black "Ribli"]
[Result "1/2-1/2"]
[ECO "D27"]
[WhiteElo "2546"]
[BlackElo "2577"]
[PlyCount "41"]
[EventDate "2009.??.??"]
[WhiteTeam "Trinidad and Tobago"]
[BlackTeam "TGS"]
[WhiteTeamCountry "TRI"]
[TimeControl "40/6000+30:20/3000+30:0"]

1. Nf3 Nf6 2. c4 e6 3. Nc3 d5 4. d4 dxc4 5. e3 c5 6. Bxc4 a6 7. a4 Nc6 8. O-O
Be7 9. Qe2 cxd4 10. Rd1 e5 11. exd4 exd4 12. Nxd4 Nxd4 13. Qe5 Qd6 14. Qxd4
Qxd4 15. Rxd4 O-O 16. Bg5 h6 17. Bh4 Be6 18. Bxe6 fxe6 19. Re1 g5 20. Bg3 Kf7
21. Be5 1/2-1/2

[Event "Bundesliga Remagen"]
[Site "Remagen"]
[Date "2009.03.29"]
[Round "15.1"]
[White "Parligras"]
[Black "Khenkin"]
[Result "1/2-1/2"]
[ECO "D30"]
[WhiteElo "2588"]
[BlackElo "2655"]
[PlyCount "30"]
[EventDate "2009.??.??"]
[WhiteTeam "Trinidad and Tobago"]
[BlackTeam "TGS"]
[WhiteTeamCountry "TRI"]
[TimeControl "40/6000+30:20/3000+30:0"]

1. d4 Nf6 2. Nf3 d5 3. c4 e6 4. g3 dxc4 5. Qa4+ c6 6. Qxc4 b5 7. Qb3 Bb7 8. Bg2
Nbd7 9. O-O a6 10. a4 c5 11. axb5 Bd5 12. Qc2 Be4 13. Qb3 Bd5 14. Qc2 Be4 15.
Qb3 Bd5 1/2-1/2

[Event "Bundesliga Remagen"]
[Site "Remagen"]
[Date "2009.03.29"]
[Round "15.8"]
[White "Hertneck"]
[Black "Korman"]
[Result "1-0"]
[ECO "A25"]
[WhiteElo "2519"]
[BlackElo "2125"]
[PlyCount "84"]
[EventDate "2009.??.??"]
[WhiteTeam "TGS"]
[BlackTeam "Trinidad and Tobago"]
[BlackTeamCountry "TRI"]
[TimeControl "40/6000+30:20/3000+30:0"]

1. c4 e5 2. g3 Nc6 3. Bg2 g6 4. Nc3 Bg7 5. Rb1 d6 6. b4 Bf5 7. d3 Qd7 8. b5 Nd8
9. h3 h5 10. Nf3 Ne7 11. Ng5 Qc8 12. a4 f6 13. Nge4 O-O 14. Ba3 Qd7 15. c5 Nf7
16. Rc1 b6 17. cxd6 cxd6 18. Qb3 Be6 19. Qb4 Rad8 20. h4 Rfe8 21. Nd2 d5 22.
Qb2 d4 23. Na2 Nd5 24. Nb4 Nc3 25. Bc6 Qc7 26. Ne4 f5 27. Nxc3 dxc3 28. Qxc3 e4
29. Qc2 exd3 30. Nxd3 Bd7 31. O-O Bxc6 32. Qxc6 Qxc6 33. bxc6 Rxe2 34. Nf4 Ra2
35. Nxg6 Rxa3 36. c7 Kh7 37. cxd8=Q Nxd8 38. Nf4 Be5 39. Rfd1 Bxf4 40. gxf4 Ne6
41. Rd7+ Kg6 42. Rc6 Kf6 1-0

[Event "Bundesliga Remagen"]
[Site "Remagen"]
[Date "2009.03.29"]
[Round "15.6"]
[White "Kindermann"]
[Black "Cioara"]
[Result "1-0"]
[ECO "B12"]
[WhiteElo "2517"]
[BlackElo "2452"]
[PlyCount "79"]
[EventDate "2009.??.??"]
[WhiteTeam "TGS"]
[BlackTeam "Trinidad and Tobago"]
[BlackTeamCountry "TRI"]
[TimeControl "40/6000+30:20/3000+30:0"]

1. e4 c6 2. d4 d5 3. e5 Bf5 4. Nd2 e6 5. Nb3 Nd7 6. Nf3 Ne7 7. Be2 a6 8. O-O
Nc8 9. a4 Be7 10. a5 Na7 11. Be3 O-O 12. c4 dxc4 13. Nbd2 Bd3 14. Nxc4 Bxe2 15.
Qxe2 Nb5 16. Rfd1 Qc7 17. Bg5 Rfe8 18. Bxe7 Rxe7 19. Qe4 Rd8 20. Rd3 Nf8 21.
Rad1 Ree8 22. h4 Qe7 23. Qe1 Ng6 24. g3 Qf8 25. Ng5 h6 26. Ne4 Rd7 27. h5 Ne7
28. Nc5 Rc7 29. Nd6 Rb8 30. Rf3 Nf5 31. Nxf5 exf5 32. Qb4 g6 33. Qc4 Kh7 34. e6
Re8 35. Nd7 Rxd7 36. exd7 Re7 37. hxg6+ fxg6 38. d5 Rxd7 39. Rfd3 c5 40. d6 1-0

[Event "Bundesliga Remagen"]
[Site "Remagen"]
[Date "2009.03.29"]
[Round "15.4"]
[White "Bischoff"]
[Black "Seger"]
[Result "1/2-1/2"]
[ECO "A16"]
[WhiteElo "2545"]
[BlackElo "2397"]
[PlyCount "128"]
[EventDate "2009.??.??"]
[WhiteTeam "TGS"]
[BlackTeam "Trinidad and Tobago"]
[BlackTeamCountry "TRI"]
[TimeControl "40/6000+30:20/3000+30:0"]

1. c4 Nf6 2. Nc3 d5 3. cxd5 Nxd5 4. g3 g6 5. Bg2 Nxc3 6. bxc3 Bg7 7. Rb1 Nc6 8.
Qc2 O-O 9. d3 Qd7 10. Nf3 b6 11. O-O Bb7 12. Bd2 e5 13. Rfd1 Rfe8 14. Qa4 Rad8
15. Ng5 Ba8 16. Ne4 Qe7 17. Bg5 f6 18. Bd2 h6 19. g4 Kh8 20. Ng3 Qd7 21. Be4
Ne7 22. Qxd7 Rxd7 23. f3 Bd5 24. Bxd5 Rxd5 25. c4 Rd7 26. a4 Nc6 27. Kg2 Bf8
28. h4 Kg8 29. h5 g5 30. Be3 Kf7 31. Rdc1 Re6 32. Rb5 Nb4 33. Bd2 Nc6 34. a5
Ke8 35. axb6 cxb6 36. Be3 Nd8 37. Ra1 Rc6 38. Ne4 Be7 39. Ra6 Ne6 40. Rb2 Kf7
41. Rba2 Rcc7 42. Kf2 Rb7 43. Rb2 Rbc7 44. Rba2 Rb7 45. Ra1 Bf8 46. Kf1 Be7 47.
Bf2 Bb4 48. Rb1 Be7 49. Ra2 Rbc7 50. Rb5 Rb7 51. Ng3 Ng7 52. Rb3 Rbc7 53. e3
Ne6 54. Ke2 Nc5 55. Rc3 Bf8 56. Nf5 Ne6 57. Rcc2 Rc8 58. Rd2 Ke8 59. Rd1 Nc5
60. Rc2 Ne6 61. Rb1 Rdc7 62. Ra2 Rd7 63. Rc2 Rdc7 64. Ra2 Rd7 1/2-1/2

[Event "Bundesliga Remagen"]
[Site "Remagen"]
[Date "2009.03.29"]
[Round "15.2"]
[White "Sokolov"]
[Black "Bobras"]
[Result "1/2-1/2"]
[ECO "B93"]
[WhiteElo "2561"]
[BlackElo "2561"]
[PlyCount "27"]
[EventDate "2009.??.??"]
[WhiteTeam "TGS"]
[BlackTeam "Trinidad and Tobago"]
[BlackTeamCountry "TRI"]
[TimeControl "40/6000+30:20/3000+30:0"]

1. e4 c5 2. Nf3 d6 3. d4 cxd4 4. Nxd4 Nf6 5. Nc3 a6 6. f4 e5 7. Nf3 Nbd7 8. a4
Be7 9. Bd3 O-O 10. O-O exf4 11. Kh1 Nh5 12. Nd5 Ndf6 13. Nxf4 Bg4 14. b3
1/2-1/2